Map: Catalyst LE

Players

Antis - Winner!

  • Race: Zerg Zerg
  • League: Grandmaster
  • Spawn Location: 5:00

puCK (Nina)

  • Race: Protoss Protoss
  • League: Master
  • Spawn Location: 11:00

VOD

Have the link to the VOD?

Description

Time

  • Played on: April 9, 2018, 1:49 a.m.
  • Length: 19:15
Show
View Real Time Build Order
Export as new Build Order

Antis Zerg - Winner!

Build Orders: Hatch First, Lurkers 

Get SALT Encoding   

  12  0:01  Drone  
  13  0:12  Overlord  
  13  0:16  Drone  
  14  0:30  Drone x2  
  14  0:34  Drone  
  17  0:52  Hatchery  
  17  0:55  Drone  
  17  0:57  Drone  
  18  1:08  Extractor  
  17  1:12  Spawning Pool  
  17  1:15  Drone  
  17  1:19  Drone  
  18  1:28  Drone  
  19  1:39  Overlord  
  19  1:52  Drone  
  20  2:00  Queen, Zergling x2  
  23  2:04  Queen  
  23  2:05  Zergling x2  
  26  2:08  Metabolic Boost  
  26  2:10  Drone  
  27  2:17  Drone  
  27  2:22  Drone  
  29  2:28  Drone  
  30  2:38  Hatchery  
  30  2:43  Drone x2  
  31  2:49  Queen  
  33  2:53  Overlord  
  33  2:56  Zergling x2  
  33  2:58  Zergling x2  
  35  3:05  Drone  
  36  3:09  Overlord  
  36  3:12  Drone x2  
  38  3:14  Spore Crawler  
  38  3:15  Drone  
  38  3:18  Drone  
  39  3:20  Drone x2  
  39  3:25  Spore Crawler  
  40  3:31  Drone x2  
  40  3:33  Queen  
  44  3:36  Drone  
  44  3:37  Drone  
  46  3:45  Drone x2  
  46  3:47  Spore Crawler  
  47  3:52  Drone x4  
  51  3:59  Overlord  
  51  4:00  Drone  
  51  4:01  Drone x2  
  54  4:03  Drone  
  54  4:05  Drone  
  54  4:06  Extractor  
  55  4:11  Roach Warren  
  55  4:15  Drone  
  55  4:16  Spore Crawler, Drone  
  55  4:17  Drone  
  56  4:22  Drone x2  
  56  4:23  Overlord  
  58  4:27  Spore Crawler  
  58  4:29  Drone x4  
  62  4:34  Lair  
  62  4:45  Zergling x10  
  66  4:46  Zergling x2  
  66  4:50  Drone, Extractor  
  68  4:53  Extractor  
  68  4:56  Extractor  
  68  4:57  Drone  
  68  4:58  Drone x3  
  70  5:00  Overlord  
  70  5:02  Roach  
  70  5:06  Overlord  
  72  5:09  Roach  
  73  5:17  Overlord  
  73  5:23  Extractor  
  73  5:24  Roach x2  
  73  5:25  Roach x6  
  73  5:27  Roach  
  88  5:31  Roach  
  89  5:36  Drone x3  
  89  5:38  Glial Reconstitution  
  91  5:44  Overlord x3  
  88  5:56  Roach x2  
  86  6:01  Roach x2  
  86  6:02  Queen  
  84  6:04  Roach x3  
  84  6:07  Roach  
  84  6:08  Roach  
  92  6:13  Roach x4  
  92  6:15  Evolution Chamber  
  99  6:20  Roach x4  
  99  6:21  Roach x2  
  111  6:30  Drone x2  
  113  6:33  Drone  
  113  6:35  Overlord  
  111  6:40  Drone  
  111  6:43  Zerg Missile Weapons Level 1  
  102  6:47  Roach x3  
  102  6:49  Roach x2  
  102  6:50  Roach  
  105  6:57  Roach x3  
  105  6:59  Overlord  
  105  7:00  Queen  
  108  7:04  Roach x2  
  111  7:11  Hydralisk Den  
  109  7:18  Drone x4  
  109  7:19  Drone  
  109  7:22  Evolution Chamber, Drone  
  114  7:26  Ravager  
  114  7:27  Drone x3  
  114  7:29  Hatchery  
  117  7:35  Overlord  
  117  7:36  Zergling x2, Roach  
  117  7:37  Zergling x2  
  121  7:39  Drone x2  
  121  7:43  Muscular Augments  
  123  7:44  Hydralisk x2  
  127  7:54  Zerg Ground Armor Level 1  
  127  7:55  Drone x4  
  131  8:02  Drone x2  
  133  8:09  Drone x3  
  133  8:15  Overlord, Extractor, Infestation Pit  
  129  8:23  Drone x2  
  128  8:31  Drone x2  
  128  8:32  Drone x4  
  134  8:41  Hydralisk  
  134  8:42  Hydralisk x5  
  134  8:44  Hydralisk, Overlord  
  134  8:45  Hydralisk  
  134  8:47  Hatchery  
  149  8:50  Hydralisk  
  149  8:53  Extractor  
  149  8:55  Spore Crawler, Overlord  
  149  8:56  Hydralisk  
  149  9:00  Hive  
  149  9:02  Zerg Missile Weapons Level 2  
  151  9:05  Hydralisk  
  151  9:07  Hydralisk  
  155  9:11  Hydralisk x2  
  155  9:15  Hydralisk  
  155  9:16  Hydralisk  
  157  9:21  Hydralisk  
  155  9:24  Grooved Spines, Hydralisk x3  
  155  9:30  Queen  
  163  9:33  Spine Crawler  
  163  9:34  Overlord x2  
  163  9:35  Hydralisk  
  164  9:40  Lurker Den  
  164  9:41  Overseer  
  163  9:52  Pneumatized Carapace  
  163  9:58  Hydralisk x2  
  163  9:59  Hydralisk x6  
  175  10:05  Hydralisk  
  179  10:14  Hydralisk  
  181  10:29  Extractor  
  181  10:30  Overlord  
  181  10:31  Hydralisk  
  181  10:32  Zerg Ground Armor Level 2  
  181  10:34  Overlord  
  182  10:35  Overlord  
  182  10:46  Hatchery  
  181  10:56  Hydralisk x2  
  181  10:57  Hydralisk x6  
  181  11:03  Hydralisk  
  199  11:15  Hydralisk x2  
  195  11:18  Drone  
  195  11:19  Drone x4  
  195  11:21  Drone  
  195  11:24  Drone x2  
  200  11:29  Drone x4  
  198  11:37  Hydralisk x2  
  190  11:46  Hydralisk x4  
  194  11:47  Overlord  
  194  11:48  Overlord  
  196  11:56  Zerg Missile Weapons Level 3  
  196  11:57  Adaptive Talons  
  196  12:00  Drone x4  
  200  12:05  Overlord  
  200  12:28  Overlord  
  200  12:29  Overseer, Overlord  
  192  12:30  Overseer  
  192  12:36  Lurker x2  
  192  12:37  Lurker x4  
  183  12:38  Extractor  
  183  12:39  Spore Crawler  
  183  12:41  Spine Crawler  
  183  12:42  Spine Crawler, Drone x6  
  183  12:43  Spine Crawler  
  177  12:44  Overlord x2  
  177  12:45  Overlord x2  
  177  12:54  Zerg Ground Armor Level 3  
  177  12:56  Lurker x3  
  177  12:57  Lurker x3  
  181  13:05  Hydralisk x3  
  179  13:06  Hydralisk x6  
  197  13:13  Spine Crawler  
  197  13:17  Hydralisk x4  
  197  13:18  Hydralisk x2  
  199  13:24  Overseer x2  
  199  13:32  Hydralisk x2  
  199  13:41  Hydralisk  
  199  13:50  Spire  
  194  14:05  Hydralisk x3  
  192  14:16  Hydralisk  
  192  14:17  Hydralisk x2  
  192  14:19  Hydralisk x2  
  190  14:24  Hydralisk  
  190  14:25  Hydralisk x4  
  190  14:27  Overseer  
  190  14:28  Overseer x2  
  198  14:36  Hydralisk  
  200  14:42  Hydralisk  
  200  14:46  Hydralisk  
  200  14:50  Hydralisk x3  
  200  14:51  Hydralisk  
  199  14:54  Hydralisk x2  
  199  14:55  Hydralisk  
  199  14:57  Hydralisk  
  200  15:03  Extractor  
  181  15:07  Hydralisk x3  
  181  15:08  Hydralisk x3  
  181  15:09  Hydralisk x4  
  199  15:16  Hatchery, Hydralisk  
  200  15:22  Overlord  
  200  15:33  Zerg Flyer Weapons Level 1  
  196  15:51  Spine Crawler  
  196  15:56  Overlord  
  195  15:57  Overlord  
  195  16:00  Hatchery, Spire  
  195  16:01  Zerg Melee Weapons Level 1  
  195  16:03  Hydralisk x3  
  199  16:23  Overlord  
  199  16:53  Hydralisk  
  199  16:54  Hydralisk x3  
  193  16:58  Hydralisk x2  
  197  17:01  Hydralisk x2  
  199  17:09  Hydralisk x3  
  199  17:13  Hydralisk x2  
  199  17:14  Hydralisk  
  199  17:15  Overlord  
  194  17:17  Corruptor x2  
  194  17:18  Corruptor x2  
  198  17:24  Hydralisk  
  198  17:27  Overseer  
  200  17:33  Corruptor  
  199  17:39  Overseer  
  199  17:40  Overlord x2  
  199  17:41  Overseer, Overlord  
  199  17:42  Overseer  
  199  17:53  Hydralisk  
  199  17:56  Hydralisk x2  
  187  18:03  Hydralisk x4  
  187  18:04  Hydralisk x6  
  187  18:05  Hydralisk x2  
  170  18:06  Hydralisk x2  
  170  18:07  Hydralisk  
  170  18:10  Corruptor x4  
  170  18:12  Hydralisk x3  
  186  18:14  Hydralisk x2  
  186  18:17  Hydralisk x4  
  186  18:19  Hydralisk x3  
  188  18:21  Hydralisk x2  
  190  18:28  Hydralisk x3  
  190  18:31  Hydralisk  
  190  18:32  Hydralisk x2  
  181  18:46  Lurker x2  
  181  18:47  Lurker x2  
Show
View Real Time Build Order
Export as new Build Order

puCK Protoss 

Build Orders: 1 Gate Expand, Oracle Opening, Archon Immortal, Carriers, Zealot Archon, Archon Drop 

Get SALT Encoding   

  12  0:00  Probe  
  13  0:13  Probe  
  14  0:20  Pylon  
  14  0:25  Probe  
  15  0:30  Assimilator  
  15  0:38  Probe (Chrono Boost)  
  16  0:45  Gateway  
  16  0:48  Probe (Chrono Boost)  
  17  0:53  Probe  
  18  1:05  Probe  
  19  1:17  Probe  
  20  1:25  Nexus  
  20  1:37  Cybernetics Core  
  20  1:39  Probe  
  21  1:49  Assimilator  
  21  1:52  Probe  
  22  1:55  Pylon  
  22  2:04  Probe  
  23  2:12  Adept (Chrono Boost)  
  25  2:16  Probe  
  25  2:18  Stargate  
  26  2:27  Warp Gate  
  26  2:28  Probe  
  27  2:32  Adept (Chrono Boost)  
  29  2:37  Probe  
  29  2:40  Probe (Chrono Boost)  
  31  2:49  Probe (Chrono Boost)  
  34  2:58  Probe (Chrono Boost)  
  34  3:00  Probe (Chrono Boost)  
  34  3:03  Oracle  
  34  3:04  Probe (Chrono Boost)  
  34  3:05  Probe (Chrono Boost)  
  39  3:15  Probe  
  39  3:16  Probe  
  41  3:21  Assimilator  
  41  3:23  Assimilator  
  41  3:25  Twilight Council  
  41  3:27  Probe  
  41  3:28  Probe  
  43  3:35  Pylon  
  43  3:36  Robotics Facility  
  43  3:40  Probe  
  44  3:41  Probe  
  45  3:52  Probe  
  45  3:53  Probe  
  47  3:57  Gateway  
  47  3:58  Gateway  
  47  4:01  Charge (Chrono Boost)  
  47  4:02  Gateway  
  47  4:12  Gateway  
  47  4:18  Gateway  
  47  4:20  Probe  
  47  4:21  Probe  
  49  4:27  Warp Prism (Chrono Boost)  
  51  4:32  Probe  
  51  4:34  Templar Archives  
  51  4:35  Probe  
  53  4:39  Pylon  
  53  4:44  Pylon  
  53  4:46  Probe  
  54  4:57  Probe, Pylon  
  54  4:58  Zealot  
  57  5:09  Probe  
  57  5:18  High Templar x4  
  57  5:21  Zealot  
  67  5:22  Zealot, Archon  
  67  5:23  Nexus, Archon  
  64  5:33  Pylon  
  64  5:42  Pylon  
  64  5:46  Zealot x2  
  68  5:51  Zealot x4  
  68  5:56  Probe x2  
  70  6:08  Probe  
  70  6:09  Probe  
  68  6:14  High Templar  
  68  6:15  High Templar x3  
  68  6:16  Zealot x2  
  80  6:18  Archon  
  80  6:20  Probe, Archon, Immortal (Chrono Boost)  
  80  6:21  Probe  
  80  6:23  Pylon  
  86  6:35  Probe x2  
  87  6:41  Zealot x2  
  81  6:47  Zealot x2  
  81  6:52  Probe  
  78  6:59  Immortal (Chrono Boost)  
  78  7:01  Probe  
  81  7:03  Sentry x2, Probe  
  81  7:05  Probe  
  85  7:13  Probe  
  85  7:14  Zealot x4  
  94  7:15  Probe  
  94  7:17  Probe  
  94  7:20  Forge  
  96  7:23  Gateway  
  96  7:25  Probe  
  96  7:29  Assimilator  
  99  7:31  Assimilator  
  99  7:33  Zealot  
  101  7:37  Gateway x2  
  101  7:42  High Templar x2  
  103  7:44  Zealot x2  
  103  7:45  Void Ray  
  103  7:46  Archon  
  110  7:53  Protoss Ground Weapons Level 1 (Chrono Boost), Zealot x2  
  114  8:00  Pylon  
  114  8:01  Probe, Pylon  
  114  8:02  Probe x2  
  117  8:06  Pylon  
  117  8:17  Pylon  
  117  8:19  Probe x2, Pylon  
  120  8:27  Pylon, Psionic Storm  
  120  8:34  High Templar x3  
  121  8:39  Immortal (Chrono Boost)  
  129  8:51  Shield Battery  
  129  8:56  Gateway  
  129  8:57  Pylon  
  129  8:59  Nexus  
  129  9:00  Zealot  
  130  9:07  Zealot x3  
  130  9:08  Zealot x4  
  140  9:24  Immortal (Chrono Boost)  
  140  9:29  Fleet Beacon  
  140  9:30  Photon Cannon  
  130  9:44  High Templar x3  
  130  9:45  High Templar  
  138  9:46  Zealot x5  
  138  9:49  Archon x2  
  149  10:00  Observer (Chrono Boost)  
  149  10:09  Pylon  
  149  10:24  Immortal  
  151  10:29  Zealot x7  
  151  10:30  Zealot x2  
  169  10:48  Probe  
  169  10:49  Assimilator  
  171  10:51  Mothership  
  171  10:53  Assimilator  
  171  10:54  Stalker x4  
  171  10:56  Zealot  
  188  10:58  Protoss Ground Weapons Level 2 (Chrono Boost)  
  188  11:03  Immortal  
  192  11:06  Zealot x2  
  196  11:24  Zealot x3  
  164  11:45  High Templar x5  
  169  11:52  Photon Cannon  
  169  11:54  Photon Cannon  
  169  11:55  Photon Cannon  
  169  11:57  Photon Cannon  
  169  11:59  Shield Battery  
  169  12:01  Shield Battery  
  158  12:02  Robotics Facility  
  158  12:04  Robotics Facility  
  158  12:09  Cybernetics Core  
  154  12:24  Zealot x3  
  154  12:25  Zealot x6  
  170  12:45  High Templar x2  
  170  12:46  High Templar x6  
  170  12:50  Archon x2  
  170  12:51  Archon  
  184  12:54  Photon Cannon  
  184  12:57  Photon Cannon  
  184  12:59  Photon Cannon  
  184  13:00  Photon Cannon  
  184  13:02  Photon Cannon x2  
  184  13:04  High Templar  
  186  13:06  Photon Cannon  
  186  13:09  Pylon  
  186  13:15  Stargate  
  186  13:22  Observer x2  
  188  13:30  Oracle  
  157  13:46  Stargate  
  157  13:47  Graviton Catapult  
  157  13:49  Immortal x2  
  165  14:00  Carrier  
  161  14:12  Sentry x2  
  151  14:29  Observer  
  151  14:30  Immortal  
  156  14:31  Carrier  
  156  14:36  Zealot x3  
  156  14:37  Zealot x2  
  164  14:50  Immortal  
  152  14:57  Zealot x5  
  152  14:59  Probe x2  
  160  15:00  Probe  
  160  15:02  High Templar x3  
  160  15:09  High Templar, Observer, Archon  
  162  15:15  Archon  
  161  15:32  Nexus  
  161  15:35  Pylon  
  161  15:37  Pylon  
  161  15:47  Pylon x2  
  161  15:51  Carrier (Chrono Boost)  
  161  15:52  Carrier (Chrono Boost)  
  173  16:01  Cybernetics Core  
  173  16:07  Zealot  
  175  16:19  High Templar x3  
  175  16:20  High Templar  
  175  16:24  Archon x2  
  179  16:44  Zealot x3  
  179  16:45  Zealot x2  
  167  17:01  Carrier  
  173  17:10  Carrier  
  173  17:15  Zealot x5  
  173  17:32  Assimilator  
  173  17:34  Assimilator  
  157  17:38  Void Ray  
  135  18:10  Zealot x7  
  146  18:16  Zealot  
  123  18:21  Archon  
  102  18:44  Pylon  
  102  18:48  High Templar x4  
Tags
 
Add a new tag
Caveats
  • Supply blocks, unpowered buildings, or Contaminate may cause inaccurate times.
  • Supply counts are checked every 10 seconds.